 Dungeon Crawl Stone Soup version 0.16-a0-3265-g401194c (webtiles) character file.

43565 Minkie the Jinx (level 13, -8/86 HPs)
             Began as a Vampire Enchanter on Dec 23, 2014.
             Was a High Priest of Kikubaaqudgha.
             Mangled by a two-headed ogre
             ... wielding a +0 giant club
             ... led by an ogre mage
              (21 damage)
             ... on level 14 of the Dungeon.
             The game lasted 02:17:02 (21788 turns).

Minkie the Jinx (Vampire Enchanter)                Turns: 21788, Time: 02:17:02

Health: -8/86      AC: 16    Str:  6    XL:     13   Next: 91%
Magic:  2/27       EV: 18    Int: 24    God:    Kikubaaqudgha [*****.]
Gold:   986        SH:  0    Dex: 14    Spells: 5 memorised, 8 levels left

rFire  . . .     SeeInvis +     a - +2 dagger (flame)
rCold  + + .     Clarity  .     y - +1 leather armour "Trilod" {Str-1 Int+3}
rNeg   + + +     SustAb   .     (no shield)
rPois  ∞         Gourm    .     p - +2 helmet
rElec  .         Spirit   .     S - +2 cloak {+Inv}
rCorr  .         Warding  +     C - +1 pair of gloves
rMut   .         Stasis   .     j - +2 pair of boots
MR     ++...                    k - amulet of warding
Stlth  ++++++....               t - ring of protection from magic
                                A - +2 ring of evasion

@: very slightly contaminated, bloodless, non-regenerating, very resistant to
hostile enchantments, very stealthy
A: bottle blood, fangs 3, see invisible, unbreathing
a: Bat Form, Receive Corpses, Torment, Renounce Religion, Evoke Invisibility


You were on level 14 of the Dungeon.
You worshipped Kikubaaqudgha.
Kikubaaqudgha was extremely pleased with you.
You were bloodless.

You visited 2 branches of the dungeon, and saw 16 of its levels.

You collected 986 gold pieces.

Inventory:

Hand weapons
 a - a +2 dagger of flaming (weapon)
 q - the +9 long sword "Baryoh" {freeze, rF+ Str+4}
   (You found it on level 15 of the Dungeon)

   It has been specially enchanted to freeze those struck by it, causing extra
   injury to most foes and up to half as much damage over again against
   particularly susceptible opponents.
   It can also slow down cold-blooded creatures.
   It affects your strength (+4).
   It protects you from fire.
 w - a +6 blowgun of evasion
Missiles
 h - 92 poisoned needles
 O - 12 curare-tipped needles
Armour
 j - a +2 pair of boots (worn)
 p - a +2 helmet (worn)
 y - the +1 leather armour "Trilod" (worn) {Str-1 Int+3}
   (You found it on level 5 of the Dungeon)

   It affects your strength (-1).
   It affects your intelligence (+3).
 z - a +1 robe of fire resistance
 C - a +1 pair of gloves (worn)
 S - a +2 cloak of invisibility (worn)
Jewellery
 k - an amulet of warding (around neck)
 l - an uncursed ring of fire
 t - a ring of protection from magic (right hand)
 A - a +2 ring of evasion (left hand)
 F - the ring of Poucwuz {rPois Str+3 Int+3}
   (You found it on level 15 of the Dungeon)

   [ring of poison resistance]

   It affects your strength (+3).
   It affects your intelligence (+3).
   It protects you from poison.
 G - an uncursed ring of protection from cold
 I - an uncursed ring of protection from magic
Magical devices
 b - a wand of fire (11)
 s - a wand of draining (7)
 M - a wand of confusion (30)
 Z - a wand of fire (5)
Scrolls
 d - 2 scrolls of vulnerability
 e - 7 scrolls of identify
 f - 2 scrolls of magic mapping
 i - a scroll of immolation
 n - 2 scrolls of teleportation
 o - a scroll of fear
 u - a scroll of recharging
 E - 3 scrolls of enchant armour
 N - a scroll of summoning
 Q - 5 scrolls of remove curse
 T - a scroll of blinking
 U - a scroll of torment
Potions
 g - 7 potions of heal wounds
 r - 2 potions of might
 v - 6 potions of curing
 x - a potion of invisibility
 D - 2 potions of haste
 H - a potion of brilliance
 J - 2 potions of agility
 R - 2 potions of blood
 V - a potion of restore abilities
 W - a potion of magic
 X - a potion of cure mutation {unknown}
Books
 c - a book of Maledictions

   Spells                             Type                      Level
   a - Corona                         Hexes                        1
   b - Sure Blade                     Hexes/Charms                 2
   c - Ensorcelled Hibernation        Hexes/Ice                    2
   d - Confuse                        Hexes                        3
   e - Dazzling Spray                 Conjuration/Hexes            3
   f - Enslavement                    Hexes                        4
 m - Kikubaaqudgha's Compendium of Unholy Arts
   (Kikubaaqudgha gifted it to you on level 7 of the Dungeon)

   Spells                             Type                      Level
   a - Animate Skeleton               Necromancy                   1
   b - Corpse Rot                     Necromancy                   2
   c - Sublimation of Blood           Necromancy                   2
   d - Regeneration                   Charms/Necromancy            3
   e - Control Undead                 Necromancy                   4
 B - a book of Fire

   Spells                             Type                      Level
   a - Ignite Poison                  Fire/Transmutation           5
   b - Fireball                       Conjuration/Fire             5
   c - Bolt of Fire                   Conjuration/Fire             6
   d - Delayed Fireball               Conjuration/Fire             7
   e - Ring of Flames                 Charms/Fire                  7
 K - a book of the Warp

   Spells                             Type                      Level
   a - Recall                         Summoning/Translocation      3
   b - Control Teleport               Charms/Translocation         4
   c - Force Lance                    Conjuration/Translocation    4
   d - Phase Shift                    Translocation                5
   e - Warp Weapon                    Charms/Translocation         5
   f - Summon Forest                  Summoning/Translocation      5
   g - Gell's Gravitas                Hexes/Translocation          6
 L - Kikubaaqudgha's Guide on Evil
   (Kikubaaqudgha gifted it to you on level 12 of the Dungeon)

   Spells                             Type                      Level
   a - Animate Dead                   Necromancy                   4
   b - Excruciating Wounds            Charms/Necromancy            5
   c - Agony                          Necromancy                   5
   d - Dispel Undead                  Necromancy                   5
   e - Simulacrum                     Ice/Necromancy               6


   Skills:
 - Level 3.1 Fighting
 - Level 10.0 Short Blades
 - Level 6.1 Armour
 - Level 8.3 Dodging
 - Level 12.1 Stealth
 - Level 4.5 Spellcasting
 - Level 12.4 Hexes
 - Level 6.0 Summonings
 - Level 7.5 Necromancy
 - Level 5.5 Translocations
 * Level 11.2 Evocations


You had 8 spell levels left.
You knew the following spells:

 Your Spells              Type           Power        Failure   Level  Hunger
a - Confuse               Hex            ######..     1%          3    ##.....
b - Ensorcelled Hibernat  Hex/Ice        #####.       1%          2    None
c - Enslavement           Hex            ######..     1%          4    ####...
d - Animate Skeleton      Necr           N/A          1%          1    None
e - Recall                Summ/Tloc      N/A          2%          3    ##.....


Dungeon Overview and Level Annotations

Branches:
Dungeon (15/15)            Temple (1/1) D:6            Lair (0/8) D:9
    Orc (0/4) D:12         Vaults (0/5) D:14         Depths (0/5) D:15

Altars:
Ashenzari
Cheibriados
Dithmenos
Elyvilon
Fedhas
Gozag
Kikubaaqudgha
Makhleb
Nemelex Xobeh
Okawaru
Qazlal
Ru
Sif Muna
Trog
Vehumet
Xom
Yredelemnul
Zin
The Shining One

Annotations:
D:2 exclusion: downstairs
D:15 exclusion: Roxanne, Roxanne


Innate Abilities, Weirdness & Mutations

You do not heal naturally.
You can bottle blood from corpses.
You have razor-sharp teeth.
You have supernaturally acute eyesight.
You can survive without breathing.


Message History

The two-headed ogre resists with some effort.
The two-headed ogre barely misses you.
The two-headed ogre hits you but does no damage.
Casting: Ensorcelled Hibernation
Confirm with . or Enter, or press ? or * to list all spells.
Aiming: Ensorcelled Hibernation
Press: ? - help, Shift-Dir - straight line, f/p - two-headed ogre
Aim: a two-headed ogre, wielding a giant club and a dire flail (fast, chance 46%)
The two-headed ogre resists with some effort.
The two-headed ogre barely misses you. x2
The two-headed ogre completely misses you.
The two-headed ogre hits you with a dire flail!
* * * LOW HITPOINT WARNING * * *
Use which ability? (? or * to list)
You can't do that.
Use which ability? (? or * to list)
You fail to use your ability.
The two-headed ogre hits you with a giant club!!
You die...
Kikubaaqudgha rasps: "You have failed me!
Welcome... oblivion!"

###.....#####...##
#........## #
##....# #...[.#
##.......# ##..##
##.....# ##.....##
##.## #......##
##.#..# #..#
#.......# ###.##
##.# #.......#
#..# #.###.......#
##.##
##.###......# #..#
#.# #....@.#
####.##
#.####..O.##
##....###
##.###...##
##.......##
#...######
#.........# #.###
##........# ###
#.......##
##.....## #######


You could see a two-headed ogre.

Vanquished Creatures
  The ghost of Minkie the Bludgeoner, a powerful OgHu of the Shining One (D:13)
  A caustic shrike zombie (D:15)
  Josephine (D:10)
  2 hydras
  A centaur warrior (D:13)
  A tengu warrior (D:13)
  Nergalle (D:15)
  4 skeletal warriors
  A deep troll (D:14)
  Erolcha (D:8)
  A lindwurm (D:14)
  4 unseen horrors
  9 hill giants
  An iron dragon zombie (D:15)
  A necromancer (D:15)
  5 ugly things
  A frost giant zombie (D:15)
  A wizard (D:15)
  3 manticores
  A cyclops (D:11)
  4 gargoyles
  A redback zombie (D:14)
  3 yaktaurs (D:15)
  The ghost of monkeypoo the Skirmisher, an average TrMo (D:4)
  2 komodo dragons
  A kobold demonologist (D:14)
  2 freezing wraiths (D:14)
  5 trolls
  Sonja (D:13)
  4 ravens (D:13)
  9 slime creatures
  3 two-headed ogres
  A trapdoor spider zombie (D:10)
  A raven (shapeshifter) (D:14)
  A spriggan (D:9)
  A basilisk (D:14)
  A deep elf mage (D:10)
  2 shadows
  A wraith (D:10)
  21 yaks
  A hungry ghost (D:10)
  Grum (D:10)
  A vampire mosquito (D:14)
  2 wolves (D:10)
  2 hippogriffs
  2 mottled dragons
  4 orc warriors
  A water moccasin (D:14)
  3 phantoms
  9 ogres
  8 ice beasts
  2 black bears
  2 sky beasts
  4 centaurs
  The ghost of Minkie the Sneak, an average DrEn of Dithmenos (D:3)
  An eye of draining (shapeshifter) (D:15)
  2 big kobolds
  4 giant frogs
  2 crocodiles
  A water moccasin zombie (D:11)
  A wyvern skeleton (D:7)
  4 scorpions
  19 killer bees
  8 wights
  2 yak skeletons (D:11)
  A lava snake (D:10)
  11 jellies
  5 hounds
  7 orc priests
  A giant frog zombie (D:12)
  2 quasits
  2 centaur zombies
  5 crimson imps
  11 orc wizards
  A giant frog skeleton (D:5)
  6 centaur skeletons
  Natasha (thrice) (D:5)
  2 iguanas
  11 worker ants
  A killer bee zombie (D:8)
  Ijyb (D:2)
  Jessica (D:3)
  2 hound zombies
  4 gnolls (D:7)
  11 adders
  A river rat (D:9)
  3 shadow imps
  3 giant mites
  6 worms
  An adder skeleton (D:6)
  6 giant geckos
  An ooze (D:4)
  48 orcs
  A bat skeleton (D:7)
  A bat zombie (D:7)
  2 giant cockroaches
  16 goblins
  18 hobgoblins
  8 jackals
  6 quokkas
  A ball python (D:1)
  A ball python zombie (D:5)
  13 bats
  2 giant newts (D:7)
  2 giant spores
  25 kobolds
  A quokka skeleton (D:5)
  A quokka zombie (D:6)
  12 rats
  A ballistomycete (D:10)
461 creatures vanquished.

Vanquished Creatures (collateral kills)
  A skeletal warrior (D:15)
  A flayed ghost (D:15)
  A hill giant (D:13)
  A frost giant skeleton (D:15)
  A yaktaur (D:15)
  A yak (D:10)
  A steam dragon (D:11)
  A wolf (D:10)
  A mottled dragon (D:15)
  An ogre (D:10)
  2 centaurs
  A killer bee (D:11)
  4 wights (D:15)
  An orc wizard (D:12)
  A giant frog skeleton (D:10)
  2 centaur skeletons (D:10)
  A mummy (D:10)
  2 worker ant zombies (D:10)
  A giant mite (D:8)
  A shadow imp (D:13)
  An adder skeleton (D:10)
  A jackal (D:9)
  A plant (D:15)
29 creatures vanquished.

Vanquished Creatures (others)
  An unseen horror (D:15)
  A hill giant skeleton (D:15)
  A human skeleton (D:15)
  A manticore skeleton (D:15)
  A yaktaur skeleton (D:15)
  A komodo dragon skeleton (D:15)
  A hippogriff skeleton (D:8)
  A wolf skeleton (D:10)
  A basilisk skeleton (D:14)
  An orc wizard (D:13)
  A two-headed ogre skeleton (D:11)
  A mottled dragon skeleton (D:15)
  A crocodile skeleton (D:14)
  A gnoll skeleton (D:10)
  An adder skeleton (D:9)
  2 orcs (D:12)
  8 orc skeletons
  2 plants (D:15)
27 creatures vanquished.

Grand Total: 517 creatures vanquished

Notes
Turn   | Place    | Note
--------------------------------------------------------------
     0 | D:1      | Minkie, the Vampire Enchanter, began the quest for the Orb.
     0 | D:1      | Reached XP level 1. HP: 13/13 MP: 3/3
   255 | D:1      | Reached XP level 2. HP: 19/19 MP: 4/4
   259 | D:1      | Learned a level 2 spell: Ensorcelled Hibernation
   344 | D:1      | Reached skill level 5 in Stealth
   674 | D:2      | Reached XP level 3. HP: 24/24 MP: 3/6
   741 | D:2      | Noticed Ijyb
   765 | D:2      | Killed Ijyb
   867 | D:2      | Reached skill level 5 in Hexes
  1055 | D:2      | Reached XP level 4. HP: 30/30 MP: 7/7
  1113 | D:2      | Found a glowing golden altar of the Shining One.
  1345 | D:2      | Found a white marble altar of Elyvilon.
  1821 | D:3      | Reached skill level 6 in Stealth
  2003 | D:3      | Noticed Minkie's ghost (average DrEn)
  2120 | D:3      | Found a bloodstained altar of Trog.
  2216 | D:3      | Reached XP level 5. HP: 16/35 MP: 0/9
  2385 | D:3      | Noticed Jessica
  2394 | D:3      | Found a deep blue altar of Sif Muna.
  2402 | D:3      | Killed Jessica
  2658 | D:3      | Learned a level 3 spell: Confuse
  2812 | D:3      | HP: 1/35 [orc priest/flail (7)]
  3624 | D:3      | Killed Minkie's ghost
  3624 | D:3      | Reached skill level 7 in Stealth
  3624 | D:3      | Reached XP level 6. HP: 31/41 MP: 4/10
  3910 | D:4      | Noticed monkeypoo's ghost (average TrMo)
  3956 | D:4      | Reached XP level 7. HP: 46/46 MP: 6/12
  4851 | D:4      | Killed monkeypoo's ghost
  4851 | D:4      | Reached skill level 5 in Dodging
  4851 | D:4      | Reached skill level 8 in Stealth
  5114 | D:4      | Found an iron altar of Okawaru.
  5318 | D:4      | Reached skill level 5 in Short Blades
  5379 | D:5      | Entered Level 5 of the Dungeon
  5461 | D:5      | Got a smelly leather armour
  5484 | D:5      | Identified the +1 leather armour "Trilod" {Str-1 Int+3} (You found it on level 5 of the Dungeon)
  5501 | D:5      | Noticed Natasha
  5506 | D:5      | Killed Natasha
  5506 | D:5      | Reached XP level 8. HP: 52/52 MP: 13/13
  5629 | D:5      | Noticed Natasha
  5634 | D:5      | Killed Natasha
  5733 | D:5      | Reached skill level 1 in Armour
  5922 | D:5      | Reached skill level 9 in Stealth
  6039 | D:5      | Noticed Natasha
  6081 | D:5      | Killed Natasha
  6145 | D:5      | Learned a level 4 spell: Enslavement
  7026 | D:6      | Found a staircase to the Ecumenical Temple.
  7032 | Temple   | Entered the Ecumenical Temple
  7117 | Temple   | Became a worshipper of Kikubaaqudgha
  8267 | D:7      | Reached XP level 9. HP: 57/57 MP: 9/14
  8423 | D:7      | Found a shattered altar of Ashenzari.
  8823 | D:7      | Got a glittering steel amulet
  8824 | D:7      | Identified the amulet "Ufanaus" {Inacc Str+3} (You found it on level 7 of the Dungeon)
  8942 | D:7      | Reached skill level 5 in Armour
  9111 | D:7      | Acquired Kikubaaqudgha's first power
  9111 | D:7      | Received a gift from Kikubaaqudgha
  9112 | D:7      | Identified Kikubaaqudgha's Compendium of Unholy Arts (Kikubaaqudgha gifted it to you on level 7 of the Dungeon)
  9446 | D:8      | Noticed Erolcha
  9470 | D:8      | Killed Erolcha
  9803 | D:8      | Reached skill level 10 in Short Blades
  9803 | D:8      | Reached XP level 10. HP: 63/63 MP: 16/16
  9836 | D:8      | Found a sparkling altar of Nemelex Xobeh.
 10055 | D:8      | Reached skill level 1 in Necromancy
 10122 | D:8      | Learned a level 1 spell: Animate Skeleton
 10126 | D:8      | Learned a level 3 spell: Recall
 10317 | D:8      | Reached skill level 1 in Summonings
 10600 | D:8      | Reached skill level 1 in Translocations
 10915 | D:8      | Acquired Kikubaaqudgha's second power
 11070 | D:9      | Found a staircase to the Lair.
 11246 | D:9      | Reached skill level 10 in Stealth
 11784 | D:10     | Entered Level 10 of the Dungeon
 12367 | D:10     | Noticed a hill giant
 12375 | D:10     | Killed a hill giant
 12443 | D:10     | Noticed Grum
 12454 | D:10     | Killed Grum
 12651 | D:10     | Noticed Josephine
 12662 | D:10     | Your ally Grum died
 12676 | D:10     | Killed Josephine
 12676 | D:10     | Reached XP level 11. HP: 68/68 MP: 6/17
 12944 | D:10     | Got a slimy rapier
 12945 | D:10     | Identified the cursed +0 rapier of the Old World {freeze, rN+} (You found it on level 10 of the Dungeon)
 13224 | D:11     | Noticed a hill giant
 13285 | D:11     | Killed a hill giant
 13285 | D:11     | Reached skill level 11 in Stealth
 13285 | D:11     | Reached skill level 10 in Hexes
 13687 | D:11     | Reached skill level 5 in Necromancy
 13950 | D:11     | Noticed an unseen horror
 13955 | D:11     | Killed an unseen horror
 14228 | D:12     | Found a staircase to the Orcish Mines.
 14245 | D:12     | Received a gift from Kikubaaqudgha
 14315 | D:12     | Identified Kikubaaqudgha's Guide on Evil (Kikubaaqudgha gifted it to you on level 12 of the Dungeon)
 14505 | D:12     | Noticed an eight-headed hydra
 14521 | D:12     | Noticed a hill giant
 14542 | D:12     | Reached skill level 5 in Summonings
 14567 | D:12     | Killed a hill giant
 14658 | D:12     | Killed an eight-headed hydra
 14658 | D:12     | Reached skill level 12 in Stealth
 14682 | D:12     | Found a shadowy altar of Dithmenos.
 15083 | D:11     | Reached XP level 12. HP: 37/74 MP: 15/18
 15628 | D:12     | Acquired Kikubaaqudgha's third power
 15868 | D:13     | Reached skill level 1 in Fighting
 16043 | D:13     | Noticed Minkie's ghost (powerful OgHu)
 16082 | D:13     | Killed Minkie's ghost
 16471 | D:13     | Reached skill level 5 in Translocations
 16524 | D:13     | Noticed a centaur warrior
 16543 | D:13     | Killed a centaur warrior
 16692 | D:13     | Noticed Sonja
 16719 | D:13     | Killed Sonja
 17141 | D:13     | Reached skill level 1 in Evocations
 17599 | D:14     | Noticed an eight-headed hydra
 17606 | D:14     | Killed an eight-headed hydra
 17606 | D:14     | Reached XP level 13. HP: 86/86 MP: 24/24
 17760 | D:14     | Reached skill level 5 in Evocations
 18104 | D:14     | Acquired Kikubaaqudgha's fourth power
 18273 | D:14     | Found a gate to the Vaults.
 19208 | D:15     | Entered Level 15 of the Dungeon
 19215 | D:15     | Noticed Nergalle
 19217 | D:15     | Killed Nergalle
 19257 | D:15     | Found a staircase to the Depths.
 20370 | D:15     | Reached skill level 10 in Evocations
 20474 | D:15     | Got a shimmering long sword
 20475 | D:15     | Identified the +9 long sword "Baryoh" {freeze, rF+ Str+4} (You found it on level 15 of the Dungeon)
 20550 | D:15     | Got a fine marble ring
 20554 | D:15     | Identified the ring of Poucwuz {rPois Str+3 Int+3} (You found it on level 15 of the Dungeon)
 20936 | D:15     | Noticed Roxanne
 21788 | D:14     | Mangled by a two-headed ogre

Action                   |  1- 3 |  4- 6 |  7- 9 | 10-12 | 13-15 || total
-------------------------+-------+-------+-------+-------+-------++-------
Melee: Dagger            |    80 |   126 |   359 |   519 |   346 ||  1430
 Fire: Blowgun           |       |       |       |     5 |       ||     5
Throw: Javelin           |       |       |       |       |     1 ||     1
 Cast: Ensorcelled Hiber |    12 |    41 |    84 |   187 |    72 ||   396
       Confuse           |       |     4 |    31 |    28 |    36 ||    99
       Animate Skeleton  |       |       |       |    47 |     9 ||    56
       Enslavement       |       |       |       |     6 |     3 ||     9
 Abil: End Transformatio |       |     1 |       |       |       ||     1
       Bat Form          |       |     1 |       |       |       ||     1
       Evoke Invisibilit |       |       |       |       |     6 ||     6
  Use: Scroll            |       |     4 |     8 |    14 |     6 ||    32
       Potion            |       |       |       |       |     1 ||     1
 Stab: Sleeping          |    15 |    41 |    73 |   139 |    42 ||   310
       Confused          |       |     2 |    23 |    19 |    26 ||    70
       Distracted        |       |       |     3 |     4 |     3 ||    10
       Invisible         |       |       |       |       |     5 ||     5
  Eat: Corpse            |       |     1 |       |       |       ||     1
